 Dungeon Crawl Stone Soup version 0.18-b1-14-g029dad2 (webtiles) character file.

564 Alarkh the Martial Artist (level 7, 52/52 HPs)
             Began as a Mottled Draconian Transmuter on Apr 30, 2016.
             Got out of the dungeon alive.
             The game lasted 00:06:25 (3871 turns).

Alarkh the Martial Artist (DrTm)                    Turns: 3871, Time: 00:06:26

Health: 52/52      AC:  9    Str: 14    XL:     7   Next: 10%
Magic:  10/10      EV: 12    Int: 15    God:
Gold:   166        SH:  0    Dex: 12    Spells: 2 memorised, 6 levels left

rFire  . . .     SeeInvis .       - Unarmed
rCold  . . .     Gourm    .     (armour unavailable)
rNeg   . . .     Faith    .     (no shield)
rPois  .         Spirit   .     (helmet restricted)
rElec  .         Dismiss  .     (no cloak)
rCorr  .         Reflect  .     o - +2 pair of gloves
SustAt .         Harm     .     (no boots)
MR     .....                    h - amulet of regeneration
Stlth  +.........               (no ring)
                                r - +2 ring of strength

@: not resistant to hostile enchantments, very unstealthy
A: breathe sticky flame splash, unfitting armour, cold-blooded, AC +6
a: Breathe Sticky Flame


You escaped.
You were near starving.

You visited 2 branches of the dungeon, and saw 6 of its levels.

You collected 166 gold pieces.

Inventory:

Missiles
 a - 25 arrows
 w - a throwing net (quivered)
Armour
 o - a +2 pair of gloves (worn)
Jewellery
 h - an amulet of regeneration (around neck)
 j - an uncursed amulet of regeneration
 r - a +2 ring of strength (left hand)
Scrolls
 d - a scroll of enchant armour {unknown}
 g - 2 scrolls of enchant weapon {unknown}
 k - a scroll of amnesia {unknown}
 l - a scroll of noise {unknown}
 m - 3 scrolls of teleportation
 n - 2 scrolls of blinking {unknown}
 s - a scroll of random uselessness {unknown}
 A - a scroll of remove curse {unknown}
Potions
 e - a potion of haste {unknown}
 f - a potion of brilliance
 p - a potion of cancellation {unknown}
 q - 2 potions of curing {unknown}
 t - a potion of invisibility {unknown}
 u - a potion of cure mutation {unknown}
 v - a potion of might {unknown}
Books
 b - a book of Changes

   Spells                             Type                      Level
   a - Beastly Appendage              Transmutation                1
   b - Sticks to Snakes               Transmutation                2
   c - Spider Form                    Transmutation/Poison         3
   d - Ice Form                       Ice/Transmutation            4
   e - Blade Hands                    Transmutation                5
 y - a book of Summonings

   Spells                             Type                      Level
   a - Recall                         Summoning/Translocation      3
   b - Aura of Abjuration             Summoning                    5
   c - Summon Demon                   Summoning                    5
   d - Summon Forest                  Summoning/Translocation      5
   e - Summon Mana Viper              Hexes/Summoning              5
   f - Shadow Creatures               Summoning                    6
 z - a book of Enchantments

   Spells                             Type                      Level
   a - Cause Fear                     Hexes                        4
   b - Yara's Violent Unravelling     Hexes/Transmutation          5
   c - Silence                        Hexes/Air                    5
   d - Deflect Missiles               Charms/Air                   6
   e - Haste                          Charms                       6
   f - Discord                        Hexes                        8
Comestibles
 c - 7 bread rations
 i - 3 meat rations
 x - a slice of pizza


   Skills:
 - Level 1.1 Fighting
 - Level 1.7 Dodging
 + Level 8.2 Unarmed Combat
 - Level 2.0 Spellcasting
 - Level 2.0 Transmutations


You had 6 spell levels left.
You knew the following spells:

 Your Spells              Type           Power        Failure   Level  Hunger
a - Beastly Appendage     Trmt           #.....       12%         1    #......
b - Spider Form           Trmt/Pois      #.........   43%         3    ###....


Dungeon Overview and Level Annotations

Branches:
Dungeon (5/15)             Temple (1/1) D:4

Altars:
Ashenzari
Cheibriados
Dithmenos
Elyvilon
Gozag
Makhleb
Pakellas
Qazlal
Ru
Sif Muna
Trog
Vehumet
Yredelemnul
Zin
The Shining One

Shops:
D:5 !


Innate Abilities, Weirdness & Mutations

You can spit globs of burning liquid.
You can ignite nearby creatures when you spit burning liquid.
Your weird mottled scales are hard (AC +6).
Your body does not fit into most forms of armour.
You are cold-blooded and may be slowed by cold attacks.


Message History

There is a stone staircase leading down here.
Found a stormy altar of Qazlal.
(D) Dungeon (T) Temple
Where to? (Enter - D:2 @ (x,y), ? - help) You're already here!
(D) Dungeon (T) Temple
Where to? (Enter - D:2 @ (x,y), ? - help)
What level of the Dungeon? (default 1, ? - help)
You see here a quokka corpse.
You are near starving!
You see here a mace.
(D) Dungeon (T) Temple
Where to? (Enter - D:1, ? - help)
There is a stone staircase leading up here.
You climb upwards.
There is a stone staircase leading down here.
There is an open door here.
There is a staircase leading out of the dungeon here.
Are you sure you want to leave the Dungeon?
This will make you lose the game!
You have escaped!

###.#######.## #######.#
#..).......####....##.#
#..###................#
#......♣♣♣♣♣♣♣♣♣..#####
#..##..♣PP..PP..♣.#
#.>....♣PP..P...♣.#
#.###..♣..PP...P♣.# #.#
##.♣..P...PP♣.# #.#
#.♣PP.@.P..♣.#
#.####.♣P...PP..♣.#
#......♣...P..PP♣.#
##########..♣..PP..PP♣.#
#...#######..♣♣♣♣♣♣♣♣♣.######
..#.....# #.................#
#....#..# ####..##..##.####.#
##...#..# ##...##.###.# #.#
##...#..# #.....#.###.# #.#


There were no monsters in sight!

Vanquished Creatures
  A phantom (D:4)
  An ogre (D:3)
  A giant frog zombie (D:5)
  A giant frog skeleton (D:5)
  An orc wizard (D:3)
  Terence (D:2)
  3 worker ants
  Robin (D:2)
  2 adders (D:2)
  4 gnolls
  5 worms
  5 dart slugs
  4 giant geckos
  9 orcs
  4 ball pythons
  6 giant cockroaches
  16 goblins
  13 hobgoblins
  3 quokkas
  4 bats
  4 giant newts
  14 kobolds
  A quokka zombie (D:5)
  5 rats
109 creatures vanquished.

Notes
Turn   | Place    | Note
--------------------------------------------------------------
     0 | D:1      | Alarkh the Draconian Transmuter began the quest for the Orb.
     0 | D:1      | Reached XP level 1. HP: 16/16 MP: 3/3
   161 | D:1      | Reached XP level 2. HP: 10/23 MP: 3/5
   620 | D:1      | Reached skill level 4 in Unarmed Combat
   670 | D:1      | Reached XP level 3. HP: 19/28 MP: 4/6
   675 | D:1      | Learned a level 3 spell: Spider Form
  1186 | D:2      | Noticed Robin
  1222 | D:2      | Killed Robin
  1222 | D:2      | Reached skill level 5 in Unarmed Combat
  1222 | D:2      | Reached XP level 4. HP: 32/35 MP: 1/7
  1256 | D:2      | Found a bloodstained altar of Trog.
  1256 | D:2      | Found an opulent altar of Gozag.
  1257 | D:2      | Found a glowing silver altar of Zin.
  1806 | D:2      | Noticed Terence
  1817 | D:2      | Killed Terence
  1817 | D:2      | Reached XP level 5. HP: 26/40 MP: 1/8
  2123 | D:3      | Reached skill level 6 in Unarmed Combat
  2672 | D:3      | Reached XP level 6. HP: 29/47 MP: 2/9
  2790 | D:3      | Reached skill level 7 in Unarmed Combat
  2945 | D:4      | Found a staircase to the Ecumenical Temple.
  2957 | Temple   | Entered the Ecumenical Temple
  3243 | D:4      | Found a shadowy altar of Dithmenos.
  3263 | D:4      | Reached skill level 8 in Unarmed Combat
  3364 | D:4      | Found a deep blue altar of Sif Muna.
  3418 | D:4      | Found a white marble altar of Elyvilon.
  3567 | D:5      | Entered Level 5 of the Dungeon
  3678 | D:5      | Found Big Lant's Distillery.
  3682 | D:5      | Your scales start taking on a weird mottled colour.
  3682 | D:5      | Reached XP level 7. HP: 47/52 MP: 8/10
  3802 | D:2      | Found a stormy altar of Qazlal.
  3871 | D:$      | Got out of the dungeon alive.

Skill      XL: |  1  2  3  4  5  6 |
---------------+-------------------+-----
Unarmed Combat | 4 5 6 8 |  8.2
Fighting       | |  1.1
Dodging        | |  1.7
Spellcasting   | |  2.0
Transmutations | |  2.0

Action                   |  1- 3 |  4- 6 |  7- 9 || total
-------------------------+-------+-------+-------++-------
Melee: Unarmed           |   129 |   222 |     6 ||   357
       Tailslap          |     9 |    32 |     1 ||    42
       Kick              |     3 |    21 |       ||    24
       Headbutt          |    10 |     6 |       ||    16
       Punch             |       |     5 |       ||     5
 Cast: Beastly Appendage |    18 |    20 |       ||    38
       Spider Form       |     1 |     6 |       ||     7
 Abil: Breathe Sticky Fl |       |       |     2 ||     2
  Use: Scroll            |       |     4 |       ||     4
 Stab: Sleeping          |       |     1 |       ||     1
  Eat: Chunk             |     1 |    10 |       ||    11
Armor: Skin              |    46 |    48 |     9 ||   103
Dodge: Dodged            |    73 |   118 |    14 ||   205
